cohdb
Replays
Latest Replays
All Replays
Popular Replays
Top Player Replays
Match Explorer
How It Works
Community
CoH3 Stats
Reddit
Sign in to upload your games and track your stats! →
Sign in with Steam
Match 44488643
Unlisted
Match 44488643
Overview
Messages
Build Orders
End
Construct Barracks
Riflemen Squad
Riflemen Squad
M1 Mortar Team
Riflemen Squad
Grenade Package
Air Support Center
Construct Weapon Support Center
M3 Armored Personnel Carrier
Construct Motor Pool
Grasshopper Recon Run
P-47 Strafing Run
M24 Chaffee Light Tank
Selects Armored Battlegroup
Selects Fast Deploy
Selects Assault Engineers
Selects Field Repairs
M8 Greyhound Armored Car
Assault Engineer Squad
Grasshopper Recon Run
M1918 Browning Automatic Rifles
Assault Engineer Squad
Grasshopper Recon Run
Construct Tank Depot
P-47 Strafing Run
Assault Engineer Squad
Selects War Machine
Selects Seek and Destroy
Selects UNKNOWN (2160077)
M4A3E8 Sherman Easy Eight
Arturokq
Ambro
Kingdjbc
LeLe_82
McLOVIN
Xou
0
0
Comments
sign in to comment!
No comments posted yet!